 Dungeon Crawl Stone Soup version 0.20-a0-809-gaf7f668 (console) character file.

7642 nht the Severer (level 11, -5/75 HPs)
             Began as a Formicid Fighter on Mar 3, 2017.
             Was an Elder of Wu Jian.
             Slain by a minotaur (28 damage)
             ... in a labyrinth.
             The game lasted 00:26:27 (8678 turns).

nht the Severer (Formicid Fighter)                  Turns: 8678, Time: 00:26:29

Health: -5/75      AC: 11    Str: 24    XL:     11   Next: 41%
Magic:  20/20      EV: 14    Int:  7    God:    Wu Jian [****..]
Gold:   605        SH: 15    Dex: 11    Spells: 10/10 levels left

rFire    . . .     SeeInvis +   a - +1 war axe
rCold    . . .     Gourm    .   b - +0 scale mail
rNeg     . . .     Faith    .   c - +0 shield
rPois    .         Spirit   .   (helmet unavailable)
rElec    .         Reflect  .   y - +1 cloak
rCorr    .         Harm     .   (no gloves)
MR       +....                  (no boots)
Stlth    ..........             (no amulet)
Regen    0.3/turn               J - ring of magical power
MPRegen  0.2/turn               w - +5 ring of evasion

@: no status effects
A: permanent stasis, dig shafts and tunnels, four strong arms, antennae 3, large
bone plates 1, molten scales 1
a: Dig, Shaft Self, Serpent's Lash, Renounce Religion


You were in a labyrinth.
You worshipped Wu Jian.
Wu Jian was greatly pleased with you.
You were not hungry.

You visited 2 branches of the dungeon, and saw 12 of its levels.
You also visited: Labyrinth and Ossuary.

You collected 605 gold pieces.

Inventory:

Hand Weapons
 a - a +1 war axe (weapon)
 x - a +0 blowgun
Missiles
 j - 4 javelins (quivered)
 q - 5 curare-tipped needles
 r - 27 poisoned needles
 v - 8 tomahawks
 I - a throwing net
Armour
 b - a +0 scale mail (worn)
 c - a +0 shield (worn)
 y - a +1 cloak (worn)
 F - a +0 troll leather armour
Jewellery
 w - a +5 ring of evasion (left hand)
 J - a ring of magical power (right hand)
Wands
 k - a wand of random effects (24/48)
 l - a wand of digging (9/24)
 o - a wand of lightning (5/15)
 u - a wand of iceblast (7/15)
 C - a wand of paralysis (19/24)
 G - a wand of digging (4/24)
 H - a wand of digging (9/24)
 K - a wand of confusion (14/48)
Scrolls
 g - 4 scrolls of identify
 p - 5 scrolls of recharging
 s - 2 scrolls of remove curse
 D - a scroll of enchant armour
 E - a scroll of fog
Potions
 e - 4 potions of curing
 h - 5 potions of heal wounds
 i - 2 potions of ambrosia
 t - 2 potions of lignification
 B - 2 potions of resistance
Books
 z - a book of Minor Magic

   Spells                             Type                      Level
   a - Magic Dart                     Conjuration                  1
   b - Blink                          Translocation                2
   c - Call Imp                       Summoning                    2
   d - Slow                           Hexes                        2
   e - Conjure Flame                  Conjuration/Fire             3
   f - Mephitic Cloud                 Conjuration/Poison/Air       3
Comestibles
 f - 4 bread rations
 m - 11 royal jellies
 n - 5 meat rations
 A - a fruit


   Skills:
 - Level 3.5 Fighting
 + Level 15.2 Axes
 - Level 3.5 Armour
 + Level 7.2 Shields


You had 10 spell levels left.
You didn't know any spells.

Dungeon Overview and Level Annotations

Branches:
Dungeon (11/15)            Temple (1/1) D:5            Lair (0/6) D:10
    Orc: D:9-12

Altars:
Ashenzari
Cheibriados
Dithmenos
Elyvilon
Fedhas
Gozag
Hepliaklqana
Kikubaaqudgha
Makhleb
Nemelex Xobeh
Okawaru
Qazlal
Ru
Sif Muna
Trog
Uskayaw
Vehumet
Wu Jian
Xom
Yredelemnul
Zin
The Shining One

Shops:
D:4 :   D:9 *[

Annotations:
D:10 Josephine


Innate Abilities, Weirdness & Mutations

You cannot be hasted, slowed, berserked, paralysed or teleported.
You can dig through walls and to a lower floor.
Your four strong arms can wield two-handed weapons with a shield.
You have a pair of large antennae on your head. (SInv)
You are partially covered in large bone plates. (SH +4)
You are partially covered in molten scales. (AC +2)


Message History

You attack the minotaur from above.
You hit the minotaur.
The minotaur is heavily wounded.
You block the minotaur's attack. The minotaur closely misses you.
You attack the minotaur from above.
You hit the minotaur.
The minotaur is heavily wounded.
The minotaur hits you!! The minotaur gores you.
You attack the minotaur from above.
You slash the minotaur!
The minotaur is severely wounded.
The minotaur is distracted by your jump.
You attack the minotaur from above.
You hit the minotaur but do no damage.
The minotaur is severely wounded.
The minotaur hits you! The minotaur gores you!
* * * LOW HITPOINT WARNING * * *
You repeatedly attack the minotaur from above!
You hit the minotaur but do no damage.
The minotaur is severely wounded.
You slash the minotaur!
The minotaur is severely wounded.
The minotaur hits you!!
You die... █ █ █ █ . ████

...
█████.█
█...█§█
█.H@█ . .
███§█
█.█.█ █
█.█.█ .█
█ █.███.█
█
█.......█
. █
███.██ ..
... ....
. █.█ ..
...█ . .


You could see a minotaur.

Vanquished Creatures
  A two-headed ogre (D:8)
  A troll (D:9)
  Grinder (D:3)
  3 hippogriffs
  Sigmund (D:3)
  A hungry ghost (D:9)
  Duvessa (D:7)
  3 porcupines (D:10)
  4 orc warriors
  2 sky beasts
  3 ice beasts
  4 ogres
  A necrophage (D:9)
  3 phantoms
  3 centaurs
  3 big kobolds
  12 bullfrogs
  Blork the orc (D:4)
  A wyvern zombie (D:7)
  Dowan (D:7)
  4 scorpions
  11 killer bees
  4 jellies
  A bullfrog zombie (D:7)
  8 crimson imps
  3 centaur zombies (Ossuary)
  2 hounds
  A quasit (D:8)
  3 orc wizards
  2 human zombies (Ossuary)
  4 orc priests
  A bullfrog skeleton (D:6)
  A centaur skeleton (D:9)
  Terence (D:3)
  Jessica (D:3)
  3 iguanas
  5 worker ants
  A big kobold zombie (Ossuary)
  3 hound zombies (Ossuary)
  A hound skeleton (D:7)
  3 mummies (Ossuary)
  11 gnolls
  15 adders
  2 shadow imps (D:7)
  6 oozes
  4 adder zombies (Ossuary)
  3 adder skeletons
  2 worms
  2 dart slugs (D:1)
  5 leopard geckos
  22 orcs
  3 ball pythons
  10 giant cockroaches
  7 goblins
  7 hobgoblins
  22 jackals
  24 kobolds
  7 quokkas
  5 bats
  5 frilled lizards
  A gnoll zombie (Ossuary)
  3 goblin zombies (Ossuary)
  4 hobgoblin zombies (Ossuary)
  2 jackal zombies (Ossuary)
  3 kobold zombies (Ossuary)
  A leopard gecko zombie (D:4)
  A quokka skeleton (D:4)
  5 quokka zombies
  4 rats
  4 rat zombies (Ossuary)
303 creatures vanquished.

Vanquished Creatures (others)
  A fungus (D:10)
1 creature vanquished.

Grand Total: 304 creatures vanquished

Notes
Turn   | Place    | Note
-------+----------+-------------------------------------------
     0 | D:1      | nht the Formicid Fighter began the quest for the Orb.
     0 | D:1      | Reached XP level 1. HP: 18/18 MP: 1/1
    51 | D:1      | Reached XP level 2. HP: 11/24 MP: 2/2
   178 | D:1      | Reached XP level 3. HP: 18/29 MP: 3/3
   412 | D:1      | Reached skill level 3 in Axes
  1040 | D:2      | Reached XP level 4. HP: 24/35 MP: 4/4
  1376 | D:2      | Reached skill level 4 in Axes
  1638 | D:3      | Noticed Grinder
  1660 | D:3      | Noticed Terence
  1669 | D:3      | Killed Terence
  1669 | D:3      | Reached XP level 5. HP: 39/41 MP: 5/5
  1967 | D:3      | Noticed Sigmund
  1980 | D:3      | Killed Sigmund
  1980 | D:3      | Reached skill level 6 in Axes
  1980 | D:3      | Reached XP level 6. HP: 10/47 MP: 6/6
  1986 | D:3      | Gained mutation: You are partially covered in molten scales. (AC +2) [potion of mutation]
  1986 | D:3      | Gained mutation: You are partially covered in large bone plates. (SH +4) [potion of mutation]
  1993 | D:3      | Killed Grinder
  1993 | D:3      | Reached skill level 7 in Axes
  1993 | D:3      | Reached XP level 7. HP: 13/52 MP: 7/7
  2116 | D:3      | Noticed Jessica
  2120 | D:3      | Killed Jessica
  2390 | D:4      | Found a hazy altar of Hepliaklqana.
  2437 | D:4      | Found Alotazxie's Book Emporium.
  2649 | D:4      | Reached skill level 8 in Axes
  2693 | D:4      | Noticed Blork the orc
  2701 | D:4      | Killed Blork the orc
  2701 | D:4      | Reached XP level 8. HP: 58/58 MP: 8/8
  2782 | D:4      | Found a sand-covered staircase.
  2788 | Ossuary  | Entered an ossuary
  2832 | Ossuary  | Reached skill level 9 in Axes
  3452 | D:4      | Reached skill level 10 in Axes
  3572 | D:5      | Entered Level 5 of the Dungeon
  3858 | D:5      | Reached XP level 9. HP: 59/64 MP: 9/9
  4103 | D:5      | Reached skill level 11 in Axes
  4191 | D:5      | Found a staircase to the Ecumenical Temple.
  4219 | Temple   | Entered the Ecumenical Temple
  4451 | Temple   | Became a worshipper of the Wu Jian Council
  4978 | D:6      | Reached * piety under Wu Jian
  5117 | D:6      | Found a shadowy altar of Dithmenos.
  5391 | D:6      | Reached skill level 12 in Axes
  5645 | D:7      | Noticed Duvessa
  5645 | D:7      | Noticed Dowan
  5795 | D:7      | Reached XP level 10. HP: 47/70 MP: 10/10
  5796 | D:7      | Reached ** piety under Wu Jian
  6053 | D:7      | Reached skill level 13 in Axes
  6056 | D:7      | Killed Duvessa
  6072 | D:7      | Killed Dowan
  6690 | D:8      | Noticed a two-headed ogre
  6700 | D:8      | Killed a two-headed ogre
  6700 | D:8      | Reached skill level 14 in Axes
  7046 | D:8      | Reached *** piety under Wu Jian
  7286 | D:9      | Found an ancient bone altar of Kikubaaqudgha.
  7328 | D:9      | Found Zahuqeng's Changing Room.
  7343 | D:9      | Found Rixaqav's Armour Shop.
  7362 | D:9      | Reached XP level 11. HP: 47/75 MP: 11/11
  7522 | D:9      | Reached skill level 5 in Shields
  8040 | D:10     | Entered Level 10 of the Dungeon
  8176 | D:10     | Reached skill level 15 in Axes
  8198 | D:10     | Found a staircase to the Lair.
  8279 | D:10     | Noticed Josephine
  8318 | D:11     | Reached **** piety under Wu Jian
  8390 | D:11     | Found a labyrinth entrance.
  8395 | Lab      | Entered a labyrinth
  8669 | Lab      | Noticed a minotaur
  8678 | Lab      | Slain by a minotaur

Vault maps used:
D:1:      saegor_arrival_miasma
D:3:      uniq_terence, uniq_sigmund, uniq_jessica, uniq_grinder
D:4:      lemuel_round_altar, serial_shops, shop, nicolae_ossuary_entry_plus,
          first_bread, uniq_blork_the_orc
D:5:      minmay_temple_entry_junction_2
D:6:      nicolae_dithmenos_through_a_glass_darkly
D:7:      uniq_duvessa
D:8:      hangedman_little_slice_of_home
D:9:      serial_shops, shop, basic_altar, nicolae_transmutations_shop
D:10:     due_lair_maze_entry_diamond, uniq_josephine
D:11:     basic_altar, lab_entry_generic, minivault_10
Temple:   nicolae_temple_the_god_donut
Lab:      labyrinth_mini_lab, nicolae_lab_dead_end, nicolae_lab_starburst,
          nicolae_lab_hexagon, labyrinth_skeletal_remains, nicolae_lab_lava,
          nicolae_lab_flowing_pool, lab_hedge, labyrinth_glass_1,
          nicolae_lab_quarters
Ossuary:  minmay_ossuary_two_tombs

Skill      XL: |  1  2  3  4  5  6  7  8  9 10 11 |
---------------+----------------------------------+-----
Axes           | 3 4 6 7 8 10 12 14 15 | 15.2
Shields        | 4 7 |  7.2
Fighting       | |  3.5
Armour         | |  3.5

Action                   |  1- 3 |  4- 6 |  7- 9 | 10-12 || total
-------------------------+-------+-------+-------+-------++-------
Melee: War axe           |   133 |    71 |   498 |   532 ||  1234
 Abil: Dig               |       |       |       |     2 ||     2
Evoke: Wand              |       |       |     9 |     4 ||    13
  Use: Potion            |       |     4 |       |     2 ||     6
       Scroll            |       |       |    12 |     8 ||    20
 Stab: Paralysed         |       |       |     2 |       ||     2
  Eat: Chunk             |     1 |     3 |     8 |    11 ||    23
       Bread ration      |       |       |     1 |       ||     1
Armor: Scale mail        |    63 |    39 |   101 |    84 ||   287
       Skin              |       |       |       |    50 ||    50
Dodge: Dodged            |    45 |    25 |    95 |   153 ||   318
Block: Shield            |    85 |    43 |   311 |   302 ||   741
